 Dungeon Crawl Stone Soup version 0.24.0-125-gc4c63601f3 (webtiles) character file.

Game seed: 16255405667603070774, levelgen mode: deterministic

1642 DavidChitty2 the Agent of Entropy (level 8, -3/62 HPs)
             Began as a Demonspawn Abyssal Knight on Mar 9, 2020.
             Was a Priest of Lugonu.
             Slain by an orc warrior
             ... wielding a +0 flail
              (15 damage)
             ... on level 7 of the Dungeon.
             The game lasted 00:08:48 (6342 turns).

DavidChitty2 the Agent of Entropy (DsAK)            Turns: 6342, Time: 00:08:48

Health: -3/62      AC: 14    Str: 16    XL:     8   Next: 67%
Magic:  12/12      EV:  5    Int: 13    God:    Lugonu [***...]
Gold:   365        SH: 10    Dex: 12    Spells: 7/7 levels left

rFire    . . .     SeeInvis .   a - +2 hand axe
rCold    + . .     Gourm    .   k - +1 shield
rNeg     . . .     Faith    .   l - +0 chain mail
rPois    .         Spirit   .   (helmet restricted)
rElec    .         Reflect  .   b - +0 cloak
rCorr    +         Harm     .   q - +0 pair of gloves
MR       .....                  (no boots)
Stlth    ..........             (no amulet)
HPRegen  0.20/turn              j - ring of resist corrosion
MPRegen  0.13/turn              o - ring of protection from cold

@: no status effects
A: antennae 1, icy blue scales 2, powered by death 1, spiny 1
a: Depart the Abyss, Bend Space, Banish, Renounce Religion


You were on level 7 of the Dungeon.
You worshipped Lugonu.
Lugonu was most pleased with you.
You were hungry.

You visited 2 branches of the dungeon, and saw 8 of its levels.
You visited the Abyss 1 time.

You collected 365 gold pieces.

Inventory:

Hand Weapons
 a - a +2 hand axe (weapon)
Missiles
 d - 53 poisoned darts (quivered)
Armour
 b - a +0 cloak (worn)
   (You took it off Crazy Yiuf on level 6 of the Dungeon)
 k - a +1 shield (worn)
   (You found it on level 2 of the Dungeon)
 l - a +0 chain mail (worn)
   (You found it on level 2 of the Dungeon)
 q - a +0 pair of gloves (worn)
   (You found it on level 4 of the Dungeon)
Jewellery
 j - a ring of resist corrosion (left hand)
   (You found it on level 2 of the Dungeon)
 o - a ring of protection from cold (right hand)
   (You found it on level 2 of the Dungeon)
 p - an uncursed ring of magical power
   (You found it on level 3 of the Dungeon)
Scrolls
 g - 3 scrolls of remove curse {@r2}
 h - 2 scrolls of fear
 m - 4 scrolls of enchant weapon
 r - 4 scrolls of teleportation {@r4}
 v - a scroll of enchant armour
 y - a scroll of torment {unknown}
 z - a scroll of identify {@r1}
Potions
 c - 3 potions of magic
 f - a potion of heal wounds {@q2}
 i - a potion of mutation {!q}
 n - 3 potions of flight
 s - 2 potions of lignification {!q}
 t - a potion of might
 u - a potion of brilliance {unknown}
 w - a potion of curing {unknown}
Comestibles
 e - 6 rations {!d}
 x - 2 chunks of flesh


   Skills:
 + Level 5.3 Fighting
 * Level 6.1 Axes
 + Level 4.2 Armour
 - Level 2.0 Dodging
 + Level 3.5 Shields
 + Level 6.3 Invocations


You had 7 spell levels left.
You didn't know any spells.
Your spell library contained the following spells:

 Spells                   Type           Power        Failure   Level  Hunger
 Magic Dart               Conj           #...         100%        1    ##.....
 Blink                    Tloc           N/A          100%        2    ###....
 Call Imp                 Summ           #.......     100%        2    ###....
 Searing Ray              Conj           #.....       100%        2    ###....
 Slow                     Hex            #.......     100%        2    ###....
 Conjure Flame            Conj/Fire      #.......     100%        3    ####...
 Dazzling Spray           Conj/Hex       #.....       100%        3    ####...
 Mephitic Cloud           Conj/Pois/Air  #.......     100%        3    ####...
 Force Lance              Conj/Tloc      #.......     100%        4    #####..
 Fulminant Prism          Conj/Hex       #.........   100%        4    #####..
 Iskenderun's Mystic Bla  Conj           #.......     100%        4    #####..


Dungeon Overview and Level Annotations

Branches:
Dungeon (7/15)             Temple (1/1) D:6

Altars:
Ashenzari
Cheibriados
Elyvilon
Fedhas
Gozag
Kikubaaqudgha
Makhleb
Nemelex Xobeh
Qazlal
Ru
Trog
Uskayaw
Vehumet
Wu Jian
Xom
Yredelemnul
Zin
The Shining One
Beogh


Innate Abilities, Weirdness & Mutations

You have a pair of small antennae on your head.
You are mostly covered in icy blue scales. (AC +3)
You regenerate a little health from kills.
You are partially covered in sharp spines.


Message History

Lugonu accepts your kill.
You closely miss something. Something hits you! Something hits you.
Items here: ))) [[ † Your shield and chain mail prevent you from hitting something.
Something hits you.
You closely miss something.
Unknown command.
You miss something. You block something's attack.
You miss something. Something hits you but does no damage.
You hit something. Something hits you.
You miss something. You block something's attack.
You hit something. Something hits you.
Your chain mail prevents you from hitting something.
Something hits you!
* * * LOW HITPOINT WARNING * * *
You hit something but do no damage. Something hits you!
* * * LOW HITPOINT WARNING * * *
You closely miss something.
Unknown command.
You hit something but do no damage. Something hits you but does no damage.
You closely miss something. Something hits you but does no damage.
You hit something. You block something's attack.
Unknown command.
You miss something. Something hits you!
* * * LOW HITPOINT WARNING * * *
You closely miss something. Something hits you!
* * * LOW HITPOINT WARNING * * *
You feel much better. Something hits you but does no damage.
Your shield and chain mail prevent you from hitting something.
Something hits you!
* * * LOW HITPOINT WARNING * * *
You miss something. Something completely misses you.
Some of the chunks of flesh in your inventory have rotted away.
Unknown command.
You closely miss something.
Unknown command.
You hit something but do no damage. Something hits you!
You die...

#...#...'....'..........#.#
#####....#.#........#.##
######.#.........÷..
#.............#(#.
########.#........#.#.
.........#.##.#...#.#.
......................
.##########.#.##.####.
#..@................
#..{#######.#######. #...#
#.#....... ...... #.#..<..
#####.# ###### ..# #.# ###


There were no monsters in sight!

Vanquished Creatures
  Grinder (D:6)
  A shadow (D:6)
  Sigmund (D:6)
  A necrophage (D:7)
  A phantom (D:4)
  A centaur (D:5)
  2 ogres
  A bullfrog (D:4)
  2 bullfrog zombies
  A hound (D:6)
  A jelly (D:5)
  Crazy Yiuf (D:6)
  2 orc priests
  7 orc wizards
  An iguana (D:6)
  2 worker ants
  8 adders
  An ooze (D:1)
  An adder skeleton (D:6)
  3 worms
  A leopard gecko (D:5)
  20 orcs
  5 giant cockroaches
  8 goblins
  8 hobgoblins
  19 jackals
  A ball python (D:2)
  7 bats
  3 frilled lizards
  A giant cockroach zombie (D:5)
  7 kobolds
  6 rats
125 creatures vanquished.

Notes
Turn   | Place    | Note
-------+----------+-------------------------------------------
     0 | Abyss:1  | DavidChitty2 the Demonspawn Abyssal Knight began the quest
                  | for the Orb.
     0 | Abyss:1  | Reached XP level 1. HP: 18/18 MP: 2/2
    42 | Abyss:1  | Noticed a titan zombie
    42 | Abyss:1  | Noticed a small abomination
    52 | Abyss:1  | Found a corrupted altar of Lugonu.
    52 | Abyss:1  | Noticed a smoke demon
    55 | D:1      | Escaped the Abyss
    72 | D:1      | Reached skill level 1 in Dodging
   247 | D:1      | Gained mutation: You are partially covered in icy blue
                  | scales. (AC +2) [demonic ancestry]
   247 | D:1      | Reached XP level 2. HP: 22/24 MP: 3/3
   352 | D:1      | Reached * piety under Lugonu
   713 | D:1      | Gained mutation: You regenerate a little health from kills.
                  | [demonic ancestry]
   713 | D:1      | Reached XP level 3. HP: 22/29 MP: 5/5
  1440 | D:2      | Gained mutation: You are partially covered in sharp spines.
                  | [demonic ancestry]
  1440 | D:2      | Reached XP level 4. HP: 22/35 MP: 6/6
  1668 | D:2      | Found a snail-covered altar of Cheibriados.
  1715 | D:2      | Found a faded altar of an unknown god.
  1816 | D:2      | Found a white marble altar of Elyvilon.
  1904 | D:2      | Found a glowing silver altar of Zin.
  2274 | D:3      | Reached ** piety under Lugonu
  2344 | D:3      | Gained mutation: You are mostly covered in icy blue scales.
                  | (AC +3) [demonic ancestry]
  2344 | D:3      | Reached XP level 5. HP: 41/41 MP: 7/7
  3026 | D:3      | Found a roughly hewn altar of Beogh.
  3036 | D:3      | Reached skill level 1 in Shields
  3162 | D:4      | Reached XP level 6. HP: 48/48 MP: 9/9
  3287 | D:4      | Found a shattered altar of Ashenzari.
  4113 | D:5      | Entered Level 5 of the Dungeon
  4414 | D:5      | Reached *** piety under Lugonu
  4424 | D:5      | Reached XP level 7. HP: 54/54 MP: 10/10
  4452 | D:5      | Found an ancient bone altar of Kikubaaqudgha.
  4454 | D:5      | Found a blossoming altar of Fedhas.
  4556 | D:5      | Reached skill level 5 in Invocations
  4664 | D:5      | Found a sacrificial altar of Ru.
  5092 | D:6      | Found a runed translucent door.
  5093 | D:6      | Noticed Crazy Yiuf
  5329 | D:6      | Noticed Grinder
  5329 | D:6      | Noticed Sigmund
  5329 | D:6      | Paralysed by Grinder for 4 turns
  5336 | D:6      | Paralysed by Grinder for 4 turns
  5361 | D:6      | Killed Sigmund
  5361 | D:6      | Reached skill level 5 in Axes
  5366 | D:6      | Killed Grinder
  5366 | D:6      | Gained mutation: You have a pair of small antennae on your
                  | head. [demonic ancestry]
  5366 | D:6      | Reached XP level 8. HP: 38/61 MP: 10/12
  5528 | D:6      | Found a staircase to the Ecumenical Temple.
  5542 | Temple   | Entered the Ecumenical Temple
  5677 | D:6      | Found a radiant altar of Vehumet.
  5773 | D:6      | Reached skill level 5 in Fighting
  5951 | D:6      | Killed Crazy Yiuf
  6342 | D:7      | Slain by an orc warrior

Levels and vault maps discovered:
D:1:      zelgadis_glass_arrival_small, layout_basic, minmay_quantized
D:2:      layout_basic, lemuel_round_altar, nicolae_overflow_crystal_walls,
          lemuel_coloured_pillars_altar, chequers_ecumenical_altar_grove
D:3:      layout_loops_cross, serial_aquarium, aquarium_bridge_long_separate
          [aquarium_subvault_bridge, aquarium_subvault_wall,
          aquarium_subvault_window, aquarium_subvault_window,
          aquarium_subvault_wall, aquarium_subvault_bridge],
          aquarium_window_corner, aquarium_window_1, aquarium_view_2e,
          aquarium_balcony_1b, hex_large, hangedman_abyss_or_decor_stabs,
          kennysheep_orc_chapel
D:4:      layout_loops_ring, kennysheep_mini_moat, first_ration
D:5:      minmay_clustersquares, layout_layer_cave,
          grunt_temple_overflow_growth_and_decay, nicolae_ru_path_of_blood
D:6:      layout_rooms, kennysheep_little_box,
          minmay_temple_entry_statues_pillars, uniq_grinder,
          uniq_crazy_yiuf_cottage, uniq_sigmund
D:7:      layout_basic, lemuel_round_altar
Temple:   eino_wide_crystal_templ

Skill      XL: |  1  2  3  4  5  6  7  8 |
---------------+-------------------------+-----
Dodging        | 1 2 |  2.0
Axes           | 2 3 4 5 6 |  6.1
Armour         | 2 3 4 |  4.2
Invocations    | 3 4 5 6 |  6.3
Shields        | 1 2 3 |  3.5
Fighting       | 4 5 |  5.3

Action                   |  1- 3 |  4- 6 |  7- 9 || total
-------------------------+-------+-------+-------++-------
Melee: Hand axe          |   125 |   175 |   133 ||   433
Invok: Depart the Abyss  |     1 |       |       ||     1
  Use: Scroll            |     3 |    10 |     3 ||    16
       Potion            |       |       |     2 ||     2
  Eat: Chunk             |     1 |    10 |     6 ||    17
Armor: Leather armour    |    49 |       |       ||    49
       Chain mail        |     6 |   107 |    64 ||   177
Dodge: Dodged            |    76 |    30 |    21 ||   127
Block: Shield            |     1 |    59 |    55 ||   115
